 Dungeon Crawl Stone Soup version 0.29.1-1-gd02db6906a (webtiles) character file.

Game seed: 7989821459982311934

298 GeoRichter the Charlatan (level 6, -9/48 HPs)
             Began as a Demonspawn Artificer on Oct 17, 2022.
             Was a Follower of Fedhas.
             Mangled by an ogre
             ... wielding a +0 giant club
              (11 damage)
             ... on level 5 of the Dungeon.
             The game lasted 00:08:54 (4728 turns).

GeoRichter the Charlatan (Demonspawn Artificer)     Turns: 4728, Time: 00:08:54

Health: -9/48      AC: 12    Str: 14    XL:     6   Next: 13%
Magic:  8/8        EV: 10    Int: 12    God:    Fedhas [*.....]
Gold:   210        SH:  3    Dex: 14    Spells: 5/5 levels left

rFire   . . .      SeeInvis +   a - +0 rapier
rCold   . . .      Faith    .   B - +0 buckler
rNeg    . . .      Spirit   .   i - +0 leather armour
rPois   .          Reflect  .   (no helmet)
rElec   .          Harm     .   j - +0 cloak
rCorr   .          Rampage  .   (no gloves)
Will    .....                   m - +0 pair of boots
Stlth   +.........              (no amulet)
HPRegen 0.16/turn               p - ring of see invisible
MPRegen 0.11/turn               z - +4 ring of protection

@: no status effects
A: slimy green scales 2, spiny 1
a: Renounce Religion


You were on level 5 of the Dungeon.
You worshipped Fedhas.
Fedhas was aware of your devotion.
You visited 2 branches of the dungeon, and saw 6 of its levels.

You collected 210 gold pieces.

Inventory:

Hand Weapons
 a - a +0 rapier (weapon)
   (You found it on level 2 of the Dungeon)
Armour
 i - a +0 leather armour (worn)
 j - a +0 cloak (worn)
   (You found it on level 1 of the Dungeon)
 m - a +0 pair of boots (worn)
   (You found it on level 2 of the Dungeon)
 B - a +0 buckler (worn)
   (You found it on level 4 of the Dungeon)
Jewellery
 p - a ring of see invisible (left hand)
   (You found it on level 2 of the Dungeon)
 q - a ring of positive energy
   (You found it on level 2 of the Dungeon)
 v - a ring of fire
   (You found it on level 3 of the Dungeon)
 x - a ring of ice
   (You found it on level 3 of the Dungeon)
 z - a +4 ring of protection (right hand)
   (You found it on level 4 of the Dungeon)
Wands
 c - a wand of flame (12) (quivered)
 d - a wand of charming (12)
 e - a wand of iceblast (4)
Scrolls
 f - 2 scrolls of enchant weapon {unknown}
 k - 6 scrolls of identify {unknown}
 n - a scroll of summoning {unknown}
 r - a scroll of silence {unknown}
 s - 2 scrolls of magic mapping {unknown}
 u - 2 scrolls of teleportation {unknown}
 w - a scroll of enchant armour {unknown}
 y - a scroll of immolation {unknown}
 A - a scroll of poison {unknown}
Potions
 b - 2 potions of flight {unknown}
 g - 3 potions of curing {unknown}
 h - a potion of invisibility {unknown}
 l - a potion of ambrosia {unknown}
 o - a potion of lignification {unknown}
 t - 3 potions of attraction {unknown}
 C - a potion of heal wounds {unknown}


   Skills:
 + Level 4.0 Fighting
 - Level 1.7 Armour
 - Level 0.8 Dodging
 - Level 0.8 Stealth
 + Level 3.1 Invocations
 - Level 5.0 Evocations


You had 5 spell levels left.
You didn't know any spells.
Your spell library contained the following spells:

 Spells                   Type           Power      Damage    Failure   Level
 Freeze                   Ice            0%         1d3       50%         1
 Frozen Ramparts          Ice            0%         1d1       86%         3
 Hailstorm                Conj/Ice       0%         3d3       99%         4


Dungeon Overview and Level Annotations

Branches:
Dungeon (5/15) Zot: 25266  Temple (1/1) D:4 Zot: 5967

Altars:
Dithmenos
Fedhas
Gozag
Kikubaaqudgha
Nemelex Xobeh
Ru
Sif Muna
Trog


Innate Abilities, Weirdness & Mutations

You are mostly covered in slimy green scales. (AC +3)
You are partially covered in sharp spines.


Message History

You closely miss the white imp. The white imp is struck by your spines.
The white imp barely misses you.
You hit the white imp but do no damage. The white imp is struck by your spines.
The white imp hits you but does no damage.
The white imp completely misses you.
You closely miss the white imp.
The white imp hits you but does no damage.
You hit the white imp but do no damage. The white imp is struck by your spines.
You kill the white imp!
Fedhas accepts your kill.
Key pressed, stopping explore.
No target in view!
Found 12 gold pieces.
Found an emerald potion.
You now have 210 gold pieces (gained 12).
C - an emerald potion
Found a scroll labelled VEIKUU LIOVE.
Found a stone staircase leading up.
s - 2 scrolls labelled VEIKUU LIOVE (gained 1)
There is a stone staircase leading up here.
An iguana comes into view.
The iguana hisses angrily.
You hear a shout!
An ogre comes into view. It is wielding a +0 giant club.
The ogre shouts!
You hit the iguana. The iguana bites you. The iguana closely misses you.
You barely miss the iguana. The iguana bites you.
Aim: an ogre, wielding a +0 giant club (88% to hit)
The puff of flame hits the iguana but does no damage.
The iguana barely misses you.
Aim: an ogre, wielding a +0 giant club (88% to hit)
The puff of flame hits the iguana.
The iguana is struck by your spines. The iguana bites you.
Aim: an ogre, wielding a +0 giant club (88% to hit)
The puff of flame hits the iguana!
The iguana bites you!
You hit the iguana.
You kill the iguana!
Fedhas appreciates your contribution to the ecosystem.
Your Fighting skill increases to level 4!
Your Invocations skill increases to level 3!
Aim: an ogre, wielding a +0 giant club The mass of ice explodes!
The iceblast engulfs the ogre!
You hit the ogre. The ogre barely misses you.
You hit the ogre. The ogre is struck by your spines.
The ogre hits you with a +0 giant club!!
Ouch! That really hurt!
* * * LOW HITPOINT WARNING * * *
You barely miss the ogre. The ogre is struck by your spines.
The ogre hits you with a +0 giant club!
You die...
Fedhas appreciates your contribution to the ecosystem.

#..................#
#.........#######.##
#.........# #.# #######.###
##'## #.# ##...## # #.#
##.....# ##.# ##.## ##.......
##....##########...####........
.......†.....O@.......+........
##....###.######...####........
#..# #.# ##.## ##....... #. #.#
#.# #####.....# #.# #.#
#......>..# #.# #.# #.#####+#.#
..# #.# #.# #.#.# ###
#.###.#####.#.# #.........#.#.#


You could see an ogre.

Vanquished Creatures
  A water moccasin (D:4)
  2 iguanas
  3 adders
  A river rat (D:3)
  A white imp (D:5)
  A worm (D:3)
  A dart slug (D:1)
  6 orcs
  5 ball pythons
  7 endoplasms
  5 giant cockroaches
  5 goblins
  6 hobgoblins
  10 jackals
  6 quokkas
  3 bats
  A frilled lizard (D:1)
  10 kobolds
  8 rats
82 creatures vanquished.

Vanquished Creatures (others)
  A frilled lizard (D:1)
1 creature vanquished.

Grand Total: 83 creatures vanquished

Notes
Turn   | Place    | Note
-------+----------+-------------------------------------------
     0 | D:1      | GeoRichter the Demonspawn Artificer began the quest for the
                  | Orb.
     0 | D:1      | Reached XP level 1. HP: 15/15 MP: 1/1
   402 | D:1      | Gained mutation: You are partially covered in sharp spines.
                  | [demonic ancestry]
   402 | D:1      | Reached XP level 2. HP: 7/21 MP: 2/2
   924 | D:1      | Reached XP level 3. HP: 27/27 MP: 3/3
  1097 | D:1      | Reached skill level 4 in Evocations
  1349 | D:2      | Found a shimmering blue altar of Sif Muna.
  1933 | D:2      | Gained mutation: You are partially covered in slimy green
                  | scales. (AC +2) [demonic ancestry]
  1933 | D:2      | Reached XP level 4. HP: 33/33 MP: 4/4
  2140 | D:3      | Found a faded altar of an unknown god.
  2193 | D:3      | Prayed at the altar of an unknown god.
  2193 | D:3      | Became a worshipper of Fedhas Madash
  2193 | D:3      | Reached * piety under Fedhas
  3302 | D:4      | Reached skill level 5 in Evocations
  3302 | D:4      | Gained mutation: You are mostly covered in slimy green
                  | scales. (AC +3) [demonic ancestry]
  3302 | D:4      | Reached XP level 5. HP: 23/41 MP: 5/5
  3562 | D:4      | Noticed a water moccasin
  3599 | D:4      | Killed a water moccasin
  4234 | D:4      | Found a staircase to the Ecumenical Temple.
  4240 | Temple   | Entered the Ecumenical Temple
  4393 | D:5      | Entered Level 5 of the Dungeon
  4455 | D:5      | Reached XP level 6. HP: 42/48 MP: 8/8
  4727 | D:5      | HP: 2/48 [ogre/+0 giant club (26)]
  4728 | D:5      | Mangled by an ogre

Illustrated notes

Levels and vault maps discovered:
D:1:      shiori_arrival_elements, layout_basic
D:2:      layout_basic, basic_altar, serial_park_tiny_1
D:3:      layout_loops_ring, portal_sewer_entry_c, basic_ecumenical_altar
D:4:      layout_loops_corners, minmay_temple_entry_fiery, minivault_1
D:5:      layout_loops_corners
Temple:   regret_index_temple_sigil_plot

Skill      XL: |  1  2  3  4  5  6 |
---------------+-------------------+-----
Evocations     | 4 5 |  5.0
Fighting       | 2 3 4 |  4.0
Invocations    | 2 3 |  3.1
Armour         | |  1.7
Dodging        | |  0.8
Stealth        | |  0.8

Action                   |  1- 3 |  4- 6 || total
-------------------------+-------+-------++-------
Melee: Dagger            |    71 |       ||    71
       Club              |     6 |       ||     6
       Rapier            |    26 |    95 ||   121
       Punch             |     1 |     1 ||     2
 Fire: Sling             |    45 |       ||    45
Evoke: Wand              |     9 |     9 ||    18
 Stab: Sleeping          |       |     2 ||     2
Armor: Leather armour    |    24 |    24 ||    48
Dodge: Dodged            |    68 |    44 ||   112
Block: Buckler           |       |     4 ||     4
